TOP OF THE 1ST |
Pocatello Boccabellas batting - Pitching for Kansas City Kings : LHP Francisco Morales
|
Pitching: LHP Francisco Morales
|
|
Batting: RHB José García
|
0-0: Fly out, F8 (Line Drive, 8LM)
|
Batting: LHB Norberto Muñóz
|
0-0: Ball 1-0: Ball 2-0: Called Strike 2-1: Called Strike 2-2: Ball 3-2: Base on Balls
|
Batting: RHB Francisco Sandoval
|
0-0: Called Strike 0-1: Swinging Strike 0-2: Foul Ball, location: 2F 0-2: Ball 1-2: Grounds into double play, 6-4-3 (Groundball, 6)
|
Top of the 1st over - 0 run(s), 0 hit(s), 0 error(s), 0 left on base; Pocatello 0 - Kansas City 0 |
BOTTOM OF THE 1ST |
Kansas City Kings batting - Pitching for Pocatello Boccabellas : LHP Osvaldo Cruz
|
Pitching: LHP Osvaldo Cruz
|
|
Batting: RHB Chris Chandler
|
0-0: Ball 1-0: Swinging Strike 1-1: Ball 2-1: Called Strike 2-2: SOLO HOME RUN (Flyball, 7D), Distance : 365 ft
|
Batting: SHB Víctor Serrano
|
0-0: DOUBLE (Flyball, 89D)
|
Batting: RHB Dave Parker
|
0-0: Foul Ball, location: 2F 0-1: Ball 1-1: Swinging Strike 1-2: Ground out 4-3 (Groundball, 4) Víctor Serrano to third
|
Batting: RHB Toshimichi Kono
|
0-0: Called Strike 0-1: Swinging Strike 0-2: Ball 1-2: Ball 2-2: DOUBLE (Groundball, 5L) Víctor Serrano scores
|
Batting: LHB Pablo Reyes
|
0-0: Ball 1-0: Foul Ball, location: 2F 1-1: Ground out 1-3 (Groundball, 15S)
|
Batting: LHB Ray Spencer
|
0-0: Fly out, F8 (Popup, 8LS)
|
Bottom of the 1st over - 2 run(s), 3 hit(s), 0 error(s), 1 left on base; Pocatello 0 - Kansas City 2 |
TOP OF THE 2ND |
Pocatello Boccabellas batting - Pitching for Kansas City Kings : LHP Francisco Morales
|
Batting: LHB Juan Cortés
|
0-0: SOLO HOME RUN (Line Drive, 9D), Distance : 377 ft
|
Batting: RHB Pedro Guzmán
|
0-0: Ball 1-0: Fly out, F8 (Flyball, 8RS)
|
Batting: SHB Glenn Vadnais
|
0-0: Ball 1-0: Ball 2-0: Foul Ball, location: 2F 2-1: Fly out, F8 (Line Drive, 8LM)
|
Batting: SHB Guillermo Ortíz
|
0-0: Ball 1-0: Ground out 5-3 (Groundball, 5L)
|
Top of the 2nd over - 1 run(s), 1 hit(s), 0 error(s), 0 left on base; Pocatello 1 - Kansas City 2 |
BOTTOM OF THE 2ND |
Kansas City Kings batting - Pitching for Pocatello Boccabellas : LHP Osvaldo Cruz
|
Batting: LHB Brian Boone
|
0-0: Ball 1-0: Ball 2-0: Called Strike 2-1: Ball 3-1: Base on Balls
|
Batting: RHB Matt Richards
|
0-0: Called Strike Brian Boone is caught stealing 2nd base 0-1: Swinging Strike 0-2: Strikes out looking
|
Batting: SHB Orlando Aguilar
|
0-0: Swinging Strike 0-1: Foul Ball, location: 2F 0-2: Foul Ball, location: 2F 0-2: Ball 1-2: Foul Ball, location: 2F 1-2: SINGLE (Groundball, 6)
|
Batting: RHB Chris Chandler
|
0-0: Ball Wild Pitch! Orlando Aguilar to second 1-0: Ball 2-0: Called Strike 2-1: Fly out, F7 (Flyball, 78S)
|
Bottom of the 2nd over - 0 run(s), 1 hit(s), 0 error(s), 1 left on base; Pocatello 1 - Kansas City 2 |
TOP OF THE 3RD |
Pocatello Boccabellas batting - Pitching for Kansas City Kings : LHP Francisco Morales
|
Batting: RHB Fabrice Brodeur
|
0-0: Fly out, F3 (Popup, 3SF)
|
Batting: RHB Chris Parker
|
0-0: Called Strike 0-1: Ball 1-1: Foul Ball, location: 2F 1-2: Ball 2-2: DOUBLE (Groundball, 5L)
|
Batting: RHB José García
|
0-0: Called Strike 0-1: Ground out 6-3 (Groundball, 6M) Chris Parker to third
|
Batting: LHB Norberto Muñóz
|
0-0: Swinging Strike 0-1: Ball 1-1: Foul Ball, location: 2F 1-2: Strikes out looking
|
Top of the 3rd over - 0 run(s), 1 hit(s), 0 error(s), 1 left on base; Pocatello 1 - Kansas City 2 |
BOTTOM OF THE 3RD |
Kansas City Kings batting - Pitching for Pocatello Boccabellas : LHP Osvaldo Cruz
|
Batting: SHB Víctor Serrano
|
0-0: Ball 1-0: Ball 2-0: Ground out 5-3 (Groundball, 56S)
|
Batting: RHB Dave Parker
|
0-0: Ball 1-0: SINGLE (Groundball, 15) (infield hit)
|
Batting: RHB Toshimichi Kono
|
0-0: Called Strike 0-1: Ball 1-1: Called Strike 1-2: Foul Ball, location: 2F 1-2: Ball 2-2: Fielders Choice at 2nd, 5-4 (Groundball, 5L)
|
Batting: LHB Pablo Reyes
|
0-0: Ball 1-0: Ball 2-0: Foul Ball, location: 2F 2-1: Ball 3-1: SINGLE (Groundball, 56D) Toshimichi Kono to second
|
Batting: LHB Ray Spencer
|
0-0: Ground out 4-3 (Groundball, 4)
|
Bottom of the 3rd over - 0 run(s), 2 hit(s), 0 error(s), 2 left on base; Pocatello 1 - Kansas City 2 |
TOP OF THE 4TH |
Pocatello Boccabellas batting - Pitching for Kansas City Kings : LHP Francisco Morales
|
Batting: RHB Francisco Sandoval
|
0-0: Ball 1-0: Called Strike 1-1: Ball 2-1: Fly out, F4 (Line Drive, 4)
|
Batting: LHB Juan Cortés
|
0-0: Ball 1-0: Ball 2-0: Foul Ball, location: 2F 2-1: Fly out, F7 (Line Drive, 7S)
|
Batting: RHB Pedro Guzmán
|
0-0: Ball 1-0: Called Strike 1-1: Called Strike 1-2: Strikes out looking
|
Top of the 4th over - 0 run(s), 0 hit(s), 0 error(s), 0 left on base; Pocatello 1 - Kansas City 2 |
BOTTOM OF THE 4TH |
Kansas City Kings batting - Pitching for Pocatello Boccabellas : LHP Osvaldo Cruz
|
Batting: LHB Brian Boone
|
0-0: Ball 1-0: Called Strike 1-1: Foul Ball, location: 2F 1-2: Strikes out looking
|
Batting: RHB Matt Richards
|
0-0: Ball 1-0: Fly out, F3 (Popup, 3SF)
|
Batting: SHB Orlando Aguilar
|
0-0: Fly out, F9 (Flyball, 9LD)
|
Bottom of the 4th over - 0 run(s), 0 hit(s), 0 error(s), 0 left on base; Pocatello 1 - Kansas City 2 |
TOP OF THE 5TH |
Pocatello Boccabellas batting - Pitching for Kansas City Kings : LHP Francisco Morales
|
Batting: SHB Glenn Vadnais
|
0-0: Foul Ball, location: 2F 0-1: Ball 1-1: Foul Ball, location: 2F 1-2: Ground out 5-3 (Groundball, 56S)
|
Batting: SHB Guillermo Ortíz
|
0-0: Foul Ball, location: 2F 0-1: SINGLE (Groundball, 6M)
|
Batting: RHB Fabrice Brodeur
|
0-0: Called Strike 0-1: Ball 1-1: Grounds into double play, 4-6-3 (Groundball, 4)
|
Top of the 5th over - 0 run(s), 1 hit(s), 0 error(s), 0 left on base; Pocatello 1 - Kansas City 2 |
BOTTOM OF THE 5TH |
Kansas City Kings batting - Pitching for Pocatello Boccabellas : LHP Osvaldo Cruz
|
Batting: RHB Chris Chandler
|
0-0: Ball 1-0: Ball 2-0: Ball 3-0: Base on Balls
|
Batting: SHB Víctor Serrano
|
0-0: Called Strike 0-1: Ball 1-1: Swinging Strike 1-2: Strikes out looking
|
Batting: RHB Dave Parker
|
0-0: Ball 1-0: Ball 2-0: Foul Ball, location: 2F 2-1: Fielders Choice at 2nd, 1-4 (Groundball, 15S)
|
Now at 2B: Jesús Ramírez
|
|
Batting: RHB Toshimichi Kono
|
0-0: Ball 1-0: Called Strike 1-1: Ball 2-1: Foul Ball, location: 2F 2-2: Foul Ball, location: 2F 2-2: Foul Ball, location: 2F 2-2: Ball 3-2: Strikes out swinging
|
Bottom of the 5th over - 0 run(s), 0 hit(s), 0 error(s), 1 left on base; Pocatello 1 - Kansas City 2 |
TOP OF THE 6TH |
Pocatello Boccabellas batting - Pitching for Kansas City Kings : LHP Francisco Morales
|
Batting: RHB Chris Parker
|
0-0: Called Strike 0-1: Foul Ball, location: 2F 0-2: Ball 1-2: Ball 2-2: Strikes out swinging
|
Batting: RHB José García
|
0-0: Called Strike 0-1: Foul Ball, location: 2F 0-2: Fly out, F2 (Popup, 2LF)
|
Batting: LHB Norberto Muñóz
|
0-0: Ball 1-0: Swinging Strike 1-1: Foul Ball, location: 2F 1-2: Ball 2-2: Fly out, F8 (Flyball, 8LXD)
|
Top of the 6th over - 0 run(s), 0 hit(s), 0 error(s), 0 left on base; Pocatello 1 - Kansas City 2 |
BOTTOM OF THE 6TH |
Kansas City Kings batting - Pitching for Pocatello Boccabellas : LHP Osvaldo Cruz
|
Batting: LHB Pablo Reyes
|
0-0: Called Strike 0-1: Ground out 1-3 (Groundball, 15S)
|
Batting: LHB Ray Spencer
|
0-0: Called Strike 0-1: Ground out 4-3 (Groundball, 13)
|
Batting: LHB Brian Boone
|
0-0: Ball 1-0: Swinging Strike 1-1: Foul Ball, location: 2F 1-2: Strikes out swinging
|
Bottom of the 6th over - 0 run(s), 0 hit(s), 0 error(s), 0 left on base; Pocatello 1 - Kansas City 2 |
TOP OF THE 7TH |
Pocatello Boccabellas batting - Pitching for Kansas City Kings : LHP Francisco Morales
|
Batting: RHB Francisco Sandoval
|
0-0: Ball 1-0: Ground out 6-3 (Groundball, 6)
|
Batting: LHB Juan Cortés
|
0-0: Ball 1-0: Foul Ball, location: 2F 1-1: Ball 2-1: Ball 3-1: Ground out 4-3 (Groundball, 34)
|
Batting: RHB Pedro Guzmán
|
0-0: Ball 1-0: Called Strike 1-1: Ball 2-1: Ball 3-1: Foul Ball, location: 2F 3-2: Foul Ball, location: 2F 3-2: Foul Ball, location: 2F 3-2: Fly out, F8 (Line Drive, 8LD)
|
Top of the 7th over - 0 run(s), 0 hit(s), 0 error(s), 0 left on base; Pocatello 1 - Kansas City 2 |
BOTTOM OF THE 7TH |
Kansas City Kings batting - Pitching for Pocatello Boccabellas : LHP Osvaldo Cruz
|
Batting: RHB Matt Richards
|
0-0: Swinging Strike 0-1: Swinging Strike 0-2: Ball 1-2: Ball 2-2: Foul Ball, location: 2F 2-2: Foul Ball, location: 2F 2-2: Foul Ball, location: 2F 2-2: Ground out 6-3 (Groundball, 6)
|
Batting: SHB Orlando Aguilar
|
0-0: Called Strike 0-1: Ball 1-1: Ball 2-1: Ground out 6-3 (Groundball, 6)
|
Batting: RHB Chris Chandler
|
0-0: Ball 1-0: Ball 2-0: Called Strike 2-1: SOLO HOME RUN (Flyball, 78XD), Distance : 379 ft
|
Batting: SHB Víctor Serrano
|
0-0: Called Strike 0-1: Called Strike 0-2: Fly out, F9 (Flyball, 9M)
|
Bottom of the 7th over - 1 run(s), 1 hit(s), 0 error(s), 0 left on base; Pocatello 1 - Kansas City 3 |
TOP OF THE 8TH |
Pocatello Boccabellas batting - Pitching for Kansas City Kings : LHP Francisco Morales
|
Batting: SHB Glenn Vadnais
|
0-0: Fly out, F7 (Line Drive, 7M)
|
Batting: SHB Guillermo Ortíz
|
0-0: Ball 1-0: Called Strike 1-1: Foul Ball, location: 2F 1-2: Strikes out swinging
|
Batting: LHB Jesús Ramírez
|
0-0: Ball 1-0: SINGLE (Line Drive, 9S)
|
Batting: RHB Chris Parker
|
0-0: Ball 1-0: Called Strike 1-1: Ball 2-1: Ball 3-1: Foul Ball, location: 2F 3-2: Base on Balls Jesús Ramírez to second
|
Batting: RHB José García
|
0-0: Fly out, F7 (Flyball, 78M)
|
Top of the 8th over - 0 run(s), 1 hit(s), 0 error(s), 2 left on base; Pocatello 1 - Kansas City 3 |
BOTTOM OF THE 8TH |
Kansas City Kings batting - Pitching for Pocatello Boccabellas : LHP Osvaldo Cruz
|
Pitching: RHP Jaime Espinoza
|
|
Batting: RHB Dave Parker
|
0-0: Fly out, F8 (Flyball, 8RXD)
|
Batting: RHB Toshimichi Kono
|
0-0: Called Strike 0-1: Ball 1-1: Ground out 4-3 (Groundball, 4)
|
Batting: LHB Pablo Reyes
|
0-0: DOUBLE (Line Drive, 9LM)
|
Batting: LHB Ray Spencer
|
0-0: Ball 1-0: Fly out, F7 (Flyball, 7D)
|
Bottom of the 8th over - 0 run(s), 1 hit(s), 0 error(s), 1 left on base; Pocatello 1 - Kansas City 3 |
TOP OF THE 9TH |
Pocatello Boccabellas batting - Pitching for Kansas City Kings : LHP Francisco Morales
|
Pitching: RHP Alonso Jiménez
|
|
Batting: LHB Norberto Muñóz
|
0-0: Swinging Strike 0-1: Foul Ball, location: 2F 0-2: Ball 1-2: Ball 2-2: Strikes out looking
|
Batting: RHB Francisco Sandoval
|
0-0: Called Strike 0-1: Called Strike 0-2: Strikes out looking
|
Batting: LHB Juan Cortés
|
0-0: Foul Ball, location: 2F 0-1: Ground out U3 (Groundball, 3S)
|
Top of the 9th over - 0 run(s), 0 hit(s), 0 error(s), 0 left on base; Pocatello 1 - Kansas City 3 |
|